 Dungeon Crawl Stone Soup version 0.30-a0-949-g53dc5368d7 (webtiles) character file.

Game seed: 6525312004205802593

9226 2tousent the Thaumaturge (level 11, -9/77 HPs)
             Began as a Gnoll Warper on Mar 27, 2023.
             Was a Priest of Hepliaklqana.
             Mangled by a death yak (21 damage)
             ... on level 10 of the Dungeon.
             The game lasted 00:21:57 (9718 turns).

2tousent the Thaumaturge (Gnoll Warper)             Turns: 9718, Time: 00:21:57

Health: -9/77      AC:  9    Str: 15    XL:     11   Next: 43%
Magic:  3/23       EV: 16    Int: 13    God:    Hepliaklqana [***...]
Gold:   622        SH:  0    Dex: 15    Spells: 14/26 levels left

rFire   + . .      SeeInvis .    q - +5 Force Lance {heavy, knockback}
rCold   + . .      Faith    .    (no shield)
rNeg    . . .      Spirit   .    K - +0 steam dragon scales
rPois   .          Reflect  .    (no helmet)
rElec   .          Rampage  .    y - scarf {rC+ rF+}
rCorr   .                        x - +2 pair of gloves of the Dungeon {Dex+4 Slay+3}
Will    .....                    (no boots)
Stlth   +++                      (no amulet)
HPRegen 0.32/turn                (no ring)
MPRegen 0.18/turn                (no ring)

@: invisible
A: reduced essence, fangs 1, strong nose, distributed training
a: Renounce Religion, Recall Ancestor, Ancestor Identity, Transference


You were on level 10 of the Dungeon.
You worshipped Hepliaklqana.
Hepliaklqana was most pleased with you.
You visited 2 branches of the dungeon, and saw 11 of its levels.

You collected 622 gold pieces.

Inventory:

Hand Weapons
 a - a +1 hand axe
 q - the +5 Force Lance (weapon) {heavy, knockback}
   (You found it on level 3 of the Dungeon)
Missiles
 d - 6 boomerangs of dispersal
 e - 10 poisoned darts
 o - 7 boomerangs
Armour
 b - a +0 leather armour
 f - a +0 chain mail
 g - a +0 ring mail
 p - a +0 cloak
 r - a +0 plate armour
 x - the +2 pair of gloves of the Dungeon (worn) {Dex+4 Slay+3}
   (You found it on level 3 of the Dungeon)

   Dex:       It affects your dexterity (+4).
   Slay:      It affects your accuracy & damage with ranged weapons and melee
   (+3).
 y - a scarf of resistance (worn)
 z - a +1 chain mail of poison resistance
 K - +0 steam dragon scales (worn)
Jewellery
 k - a ring of flight
 m - a +4 ring of protection
 L - an amulet of reflection
 M - a ring of fire
 P - a +6 ring of dexterity
Wands
 s - a wand of iceblast (2)
 v - a wand of flame (15)
 J - a wand of charming (8)
 Q - a wand of polymorph (4)
Scrolls
 c - 2 scrolls of blinking
 j - 5 scrolls of teleportation
 B - 2 scrolls of fog
 C - a scroll of enchant weapon
 E - 3 scrolls of fear
 F - 2 scrolls of silence
Potions
 h - 4 potions of brilliance
 i - a potion of ambrosia
 l - a potion of berserk rage
 t - 3 potions of attraction
 u - 3 potions of lignification
 w - a potion of magic
 A - 3 potions of mutation
 D - 6 potions of curing
 G - 5 potions of might
 I - a potion of haste
 N - 2 potions of degeneration


   Skills:
 + Level 8.0 Fighting
 + Level 6.5 Short Blades
 + Level 6.5 Long Blades
 + Level 8.0 Axes
 + Level 6.5 Maces & Flails
 + Level 6.5 Polearms
 + Level 6.5 Staves
 + Level 6.5 Ranged Weapons
 + Level 7.1 Throwing
 + Level 7.1 Armour
 + Level 8.0 Dodging
 + Level 6.5 Stealth
 + Level 6.5 Shields
 + Level 6.5 Unarmed Combat
 + Level 8.3 Spellcasting
 + Level 5.4 Conjurations
 + Level 5.4 Hexes
 + Level 5.4 Summonings
 + Level 5.4 Necromancy
 + Level 7.8 Translocations
 + Level 5.4 Transmutations
 + Level 5.4 Fire Magic
 + Level 5.4 Ice Magic
 + Level 5.4 Air Magic
 + Level 5.4 Earth Magic
 + Level 5.4 Poison Magic
 + Level 7.1 Invocations
 + Level 6.5 Evocations


You had 14 spell levels left.
You knew the following spells:

 Your Spells              Type           Power      Damage    Failure   Level
a - Manifold Assault      Tloc           25%        N/A       5%          4
b - Blink                 Tloc           50%        N/A       1%          2
c - Vhi's Electric Charg  Tloc/Air       44%        N/A       2%          3
d - Tukima's Dance        Hex            19%        N/A       4%          3

Your spell library contained the following spells:

 Spells                   Type           Power      Damage    Failure   Level
 Lesser Beckoning         Tloc           50%        N/A       1%          2
 Teleport Other           Tloc           25%        N/A       1%          3
 Ensorcelled Hibernation  Hex/Ice        38%        N/A       2%          2
 Spider Form              Tmut/Pois      19%        N/A       4%          3
 Passage of Golubria      Tloc           25%        N/A       5%          4
 Anguish                  Hex/Necr       9%         N/A       14%         4
 Yara's Violent Unravell  Hex/Tmut       9%         3d6       36%         5


Dungeon Overview and Level Annotations

Branches:
Dungeon (10/15)            Temple (1/1) D:4
   Lair: D:8-11         Orc: D:9-12

Altars:
Ashenzari
Cheibriados
Dithmenos
Elyvilon
Fedhas
Gozag
Hepliaklqana
Kikubaaqudgha
Makhleb
Nemelex Xobeh
Okawaru
Qazlal
Ru
Sif Muna
Trog
Uskayaw
Vehumet
Wu Jian
Xom
Yredelemnul
Zin
The Shining One

Shops:
D:10 *


Innate Abilities, Weirdness & Mutations

Your life essence is reduced to manifest your ancestor. (-10% HP)
You have very sharp teeth.
Your uncanny sense of smell can sniff out nearby items.
Your experience applies equally to all skills.


Message History

You puncture the death yak!
You kill the death yak!
Unknown command.
You puncture the death yak! You punch the death yak!
The death yak is moderately wounded.
The death yak gores you!
Unknown command.
You hit the death yak.
The death yak is moderately wounded.
The death yak gores you!
Unknown command.
You hit the death yak but do no damage.
The death yak is moderately wounded.
The death yak closely misses you. The death yak gores you!
Unknown command.
You puncture the death yak!
You bite the death yak, but do no damage.
The death yak is heavily wounded.
The death yak gores you!
Unknown command.
You puncture the death yak!
The death yak is knocked back by the blow.
The death yak collides with the acid dragon!
The acid dragon is almost dead.
The death yak is severely wounded.
Your bite misses the death yak.
The death yak is severely wounded.
You puncture the death yak!
The death yak is knocked back by the blow.
The death yak collides with the acid dragon!
The death yak is severely wounded. x2
The death yak gores you!!
* * * LOW HITPOINT WARNING * * *
Unknown command.
You feel much better. The death yak gores you!
* * * LOW HITPOINT WARNING * * *
You fade into invisibility!
A quokka comes into view.
The death yak gores you!!
You die...

.##.+#≈..≈≈≈..≈##.'....<.......#
.# ###≈.≈...≈.≈#..#............#
.# #≈.≈._.≈.≈##########R######
## #≈.≈...≈.≈# #..r..# #
#≈..≈≈≈..≈# ####'##### #
#.≈≈≈≈≈≈≈.# #......... #
###.........###.........
####..#########.##r........
))#.......... #.@YD........
#)'.......... ####O........
###.......... .o......... #
#.......... ###....†.... #
#.......... #......... #
#.......... #......... #
#.......... ######.##.
#......... .# #######


You could see a death yak (unable to see you), a two-headed ogre (unable to see
you), an acid dragon (unable to see you), a quokka (wandering, unable to see
you) and a rat (unable to see you).

Vanquished Creatures
  A boulder beetle (D:8)
  A death yak (D:10)
  Maggie (D:9)
  A troll (D:9)
  A hornet (shapeshifter) (D:10)
  Sigmund (D:3)
  A wraith (D:9)
  3 yaks (D:9)
  Grum (D:9)
  Menkaure (D:4)
  Duvessa (D:4)
  A black bear (D:6)
  6 orc warriors
  4 ice beasts
  2 ogres (D:5)
  A wolf (D:9)
  A centaur (D:5)
  A phantom (D:5)
  A bullfrog (D:7)
  6 scorpions
  3 wights (D:7)
  Dowan (D:4)
  11 killer bees
  3 howler monkeys
  3 jellies
  3 orc priests
  A gnoll bouda (D:9)
  4 sleepcaps
  Ijyb (D:3)
  Natasha (thrice) (D:3)
  4 iguanas
  7 orc wizards
  4 gnolls
  5 adders
  A shadow imp (D:6)
  2 white imps
  3 worms
  6 dart slugs
  33 orcs
  4 endoplasms
  A giant cockroach (D:1)
  8 goblins
  7 hobgoblins
  13 jackals
  4 quokkas
  8 ball pythons
  4 bats
  3 frilled lizards
  7 kobolds
  4 rats
197 creatures vanquished.

Vanquished Creatures (collateral kills)
  Erica (D:8)
  A death yak (D:10)
  A hornet (D:9)
  A yak (D:9)
  A steam dragon (D:6)
  A water moccasin (D:7)
  An orc warrior (D:8)
  A black bear (D:8)
  An ice beast (D:8)
  2 wolves (D:9)
  A kobold brigand (D:8)
  3 killer bees (D:8)
  2 howler monkeys
  A gnoll bouda (D:7)
  A sleepcap (D:7)
  3 orc wizards
  A hell rat (D:10)
  3 gnolls
  12 orcs
  A kobold (D:8)
  A quokka (D:10)
40 creatures vanquished.

Vanquished Creatures (others)
  3 battlemagi
  An ancestor (D:6)
4 creatures vanquished.

Grand Total: 241 creatures vanquished

Notes
Turn   | Place    | Note
-------+----------+-------------------------------------------
     0 | D:1      | 2tousent the Gnoll Warper began the quest for the Orb.
     0 | D:1      | Reached XP level 1. HP: 20/20 MP: 6/6
   148 | D:1      | Reached XP level 2. HP: 22/26 MP: 7/7
   488 | D:1      | Reached skill level 5 in Spellcasting
   488 | D:1      | Reached XP level 3. HP: 30/31 MP: 7/9
   814 | D:2      | Reached skill level 1 in Invocations
  1042 | D:2      | Reached skill level 1 in Short Blades
  1042 | D:2      | Reached skill level 1 in Long Blades
  1042 | D:2      | Reached skill level 1 in Maces & Flails
  1042 | D:2      | Reached skill level 1 in Polearms
  1042 | D:2      | Reached skill level 1 in Staves
  1042 | D:2      | Reached skill level 1 in Ranged Weapons
  1042 | D:2      | Reached skill level 1 in Stealth
  1042 | D:2      | Reached skill level 1 in Shields
  1042 | D:2      | Reached skill level 1 in Unarmed Combat
  1042 | D:2      | Reached skill level 1 in Evocations
  1223 | D:2      | Found a faded altar of an unknown god.
  1238 | D:2      | Reached XP level 4. HP: 31/38 MP: 11/11
  1517 | D:3      | Noticed Natasha
  1517 | D:3      | Found the +5 Force Lance {heavy, knockback}
  1537 | D:3      | Killed Natasha
  1538 | D:3      | Reached skill level 1 in Conjurations
  1538 | D:3      | Reached skill level 1 in Hexes
  1538 | D:3      | Reached skill level 1 in Summonings
  1538 | D:3      | Reached skill level 1 in Necromancy
  1538 | D:3      | Reached skill level 1 in Transmutations
  1538 | D:3      | Reached skill level 1 in Fire Magic
  1538 | D:3      | Reached skill level 1 in Ice Magic
  1538 | D:3      | Reached skill level 1 in Air Magic
  1538 | D:3      | Reached skill level 1 in Earth Magic
  1538 | D:3      | Reached skill level 1 in Poison Magic
  1666 | D:3      | Noticed Natasha
  1669 | D:3      | Killed Natasha
  1694 | D:3      | Identified the +2 pair of gloves of the Dungeon {Dex+4
                  | Slay+3}
  1756 | D:3      | Reached XP level 5. HP: 42/43 MP: 12/12
  1764 | D:3      | Found a sacrificial altar of Ru.
  1807 | D:3      | Noticed Sigmund
  1818 | D:3      | Killed Sigmund
  1819 | D:3      | Reached skill level 5 in Fighting
  1819 | D:3      | Reached skill level 5 in Axes
  1819 | D:3      | Reached skill level 5 in Dodging
  1819 | D:3      | Reached XP level 6. HP: 23/51 MP: 14/14
  2050 | D:3      | Found a white marble altar of Elyvilon.
  2160 | D:3      | Noticed Ijyb
  2167 | D:3      | Killed Ijyb
  2356 | D:3      | Found a basalt altar of Yredelemnul.
  2378 | D:3      | Noticed Natasha
  2385 | D:3      | Killed Natasha
  2514 | D:4      | Noticed Duvessa
  2514 | D:4      | Noticed Dowan
  2773 | D:4      | Reached XP level 7. HP: 55/56 MP: 15/15
  2793 | D:4      | Killed Dowan
  2796 | D:4      | Killed Duvessa
  2955 | D:4      | Noticed Menkaure
  2961 | D:4      | Killed Menkaure
  2973 | D:4      | Found a radiant altar of Vehumet.
  3062 | D:4      | Found a shadowy altar of Dithmenos.
  3244 | D:4      | Reached XP level 8. HP: 63/63 MP: 16/16
  3245 | D:4      | Found a staircase to the Ecumenical Temple.
  3262 | Temple   | Entered the Ecumenical Temple
  3482 | Temple   | Became a worshipper of Hepliaklqana the Forgotten
  3576 | D:5      | Entered Level 5 of the Dungeon
  3966 | D:5      | Learned a level 4 spell: Manifold Assault
  3969 | D:5      | Learned a level 2 spell: Blink
  3973 | D:5      | Learned a level 3 spell: Vhi's Electric Charge
  4605 | D:6      | Reached * piety under Hepliaklqana
  4634 | D:6      | Reached XP level 9. HP: 62/62 MP: 3/18
  4802 | D:6      | Found a blossoming altar of Fedhas.
  4846 | D:6      | Reached skill level 5 in Throwing
  4846 | D:6      | Reached skill level 5 in Armour
  5506 | D:7      | Reached skill level 5 in Invocations
  5958 | D:7      | Reached ** piety under Hepliaklqana
  5959 | D:7      | Remembered your ancestor Tiberius as a battlemage
  6638 | D:7      | Found a shimmering blue altar of Sif Muna.
  6752 | D:8      | Learned a level 3 spell: Tukima's Dance
  6950 | D:8      | Noticed a boulder beetle
  6976 | D:8      | Killed a boulder beetle
  6977 | D:8      | Reached skill level 5 in Short Blades
  6977 | D:8      | Reached skill level 5 in Long Blades
  6977 | D:8      | Reached skill level 5 in Maces & Flails
  6977 | D:8      | Reached skill level 5 in Polearms
  6977 | D:8      | Reached skill level 5 in Staves
  6977 | D:8      | Reached skill level 5 in Ranged Weapons
  6977 | D:8      | Reached skill level 5 in Stealth
  6977 | D:8      | Reached skill level 5 in Shields
  6977 | D:8      | Reached skill level 5 in Unarmed Combat
  6977 | D:8      | Reached skill level 5 in Evocations
  6977 | D:8      | Reached XP level 10. HP: 22/71 MP: 7/20
  7516 | D:8      | Noticed Erica
  7522 | D:8      | Killed Erica
  8314 | D:9      | Noticed Grum
  8318 | D:9      | Killed Grum
  8622 | D:9      | Reached *** piety under Hepliaklqana
  8623 | D:9      | Noticed Maggie
  8629 | D:9      | Reached skill level 5 in Conjurations
  8629 | D:9      | Reached skill level 5 in Hexes
  8629 | D:9      | Reached skill level 5 in Summonings
  8629 | D:9      | Reached skill level 5 in Necromancy
  8629 | D:9      | Reached skill level 5 in Transmutations
  8629 | D:9      | Reached skill level 5 in Fire Magic
  8629 | D:9      | Reached skill level 5 in Ice Magic
  8629 | D:9      | Reached skill level 5 in Air Magic
  8629 | D:9      | Reached skill level 5 in Earth Magic
  8629 | D:9      | Reached skill level 5 in Poison Magic
  8629 | D:9      | Reached XP level 11. HP: 54/76 MP: 10/22
  8637 | D:9      | Killed Maggie
  9225 | D:10     | Entered Level 10 of the Dungeon
  9260 | D:10     | Noticed a death yak
  9260 | D:10     | Noticed a two-headed ogre
  9260 | D:10     | Noticed a two-headed ogre
  9313 | D:10     | Found Zin's Purification Station.
  9400 | D:10     | Found a glowing silver altar of Zin.
  9658 | D:10     | Found a shimmering altar of Xom.
  9698 | D:10     | Noticed a death yak
  9698 | D:10     | Noticed a death yak
  9708 | D:10     | Killed a death yak
  9710 | D:10     | Killed a death yak
  9718 | D:10     | Mangled by a death yak

Illustrated notes

Levels and vault maps discovered:
D:1:      dpeg_arrival_refuge, layout_basic
D:2:      layout_basic, hellmonk_ecumenical_altar_dog_temple, minivault_25,
          chequers_jeans
D:3:      layout_loops_ring, kennysheep_ying_yang,
          nicolae_overflow_crystal_walls, grunt_decor_junction, nicolae_titane,
          uniq_sigmund, uniq_ijyb, uniq_natasha
D:4:      layout_basic, mainiacjoe_overflow_24_doors,
          mainiacjoe_overflow_six_doors_small, minmay_temple_entry_glass,
          uniq_menkaure, uniq_duvessa
D:5:      layout_loops_ring
D:6:      layout_cave_pools, mainiacjoe_overflow_chevrons
D:7:      layout_basic, led_sif_book
D:8:      layout_gridville, uniq_erica
D:9:      layout_cave_pools, uniq_maggie, uniq_grum
D:10:     layout_roguey [special_room_orc], zin_purify,
          mainiacjoe_overflow_paths, dpeg_lair_monsters, orc_david_3,
          roderic_batcave
Temple:   compressed_dpeg_triangle_lava_temple

Skill      XL: |  1  2  3  4  5  6  7  8  9 10 11 |
---------------+----------------------------------+-----
Spellcasting   | 5 6 7 8 |  8.3
Invocations    | 1 2 3 4 5 6 7 |  7.1
Short Blades   | 1 2 3 4 5 6 |  6.5
Long Blades    | 1 2 3 4 5 6 |  6.5
Maces & Flails | 1 2 3 4 5 6 |  6.5
Polearms       | 1 2 3 4 5 6 |  6.5
Staves         | 1 2 3 4 5 6 |  6.5
Ranged Weapons | 1 2 3 4 5 6 |  6.5
Stealth        | 1 2 3 4 5 6 |  6.5
Shields        | 1 2 3 4 5 6 |  6.5
Unarmed Combat | 1 2 3 4 5 6 |  6.5
Evocations     | 1 2 3 4 5 6 |  6.5
Conjurations   | 1 2 3 4 5 |  5.4
Hexes          | 1 2 3 4 5 |  5.4
Summonings     | 1 2 3 4 5 |  5.4
Necromancy     | 1 2 3 4 5 |  5.4
Transmutations | 1 2 3 4 5 |  5.4
Fire Magic     | 1 2 3 4 5 |  5.4
Ice Magic      | 1 2 3 4 5 |  5.4
Air Magic      | 1 2 3 4 5 |  5.4
Earth Magic    | 1 2 3 4 5 |  5.4
Poison Magic   | 1 2 3 4 5 |  5.4
Fighting       | 5 6 7 8 |  8.0
Axes           | 5 6 7 8 |  8.0
Throwing       | 3 4 5 6 7 |  7.1
Armour         | 3 4 5 6 7 |  7.1
Dodging        | 5 6 7 8 |  8.0
Translocations | 6 7 |  7.8

Action                     |  1- 3 |  4- 6 |  7- 9 | 10-12 || total
---------------------------+-------+-------+-------+-------++-------
  Melee: Hand axe          |   127 |    24 |       |       ||   151
         Bite              |    11 |     7 |    10 |     9 ||    37
         Punch             |     2 |     1 |     3 |     2 ||     8
         Lance             |       |    60 |   212 |   182 ||   454
  Throw: Boomerang         |       |       |     1 |       ||     1
   Cast: Manifold Assault  |       |       |    52 |    70 ||   122
         Tukima's Dance    |       |       |       |     1 ||     1
 Invoke: Ancestor Life: Ba |       |       |     1 |       ||     1
         Recall Ancestor   |       |       |       |     1 ||     1
  Evoke: Wand              |       |       |     2 |       ||     2
    Use: Scroll            |     5 |     1 |    12 |     3 ||    21
         Potion            |       |     2 |     1 |     2 ||     5
   Stab: Distracted        |       |       |     2 |     1 ||     3
 Armour: Leather armour    |     4 |       |       |       ||     4
         Ring mail         |    32 |       |    13 |       ||    45
         Chain mail        |    30 |    36 |    37 |       ||   103
         Plate armour      |       |    23 |       |       ||    23
         Steam dragon scal |       |       |     4 |     6 ||    10
  Dodge: Dodged            |    92 |    33 |    51 |    39 ||   215

Table legend: (Time is in decaauts)
 A = Elapsed time spent in this place.
 B = Non-inter-level travel time spent in this place.
 C = Inter-level travel time spent in this place.
 D = Time resting spent in this place.
 E = Time spent auto-exploring this place.
 F = Levels seen in this place.
 G = Mean time per level.
                   A        B        C        D        E       F      G
               +--------+--------+--------+--------+--------+-----+--------+
         Total |   9848 |   9432 |    416 |     22 |   7904 |  11 |  895.3 |
       Dungeon |   9621 |   9210 |    411 |     22 |   7710 |  10 |  962.1 |
        Temple |    226 |    221 |      5 |      0 |    194 |   1 |  226.0 |
               +--------+--------+--------+--------+--------+-----+--------+

Top non-repeatable levels by time:
     D:8: 1388 daAuts
     D:3: 1266 daAuts
     D:7: 1259 daAuts
     D:9: 1175 daAuts
     D:5: 1033 daAuts
     D:6: 917 daAuts
     D:1: 802 daAuts
     D:2: 677 daAuts
     D:4: 652 daAuts
    D:10: 448 daAuts
  Temple: 226 daAuts
